AoeStats
← DoubleDutch369

Arabia

508571205Analyzed
1v1 RM · 8d ago on Sep 23, 2026· 56m 46s· 2 players
Game mode
Random Map
Map size
Tiny (2 player)
Population
200
Speed
Normal
Resources
Standard
Victory
Conquest
Starting age
Dark Age
Ending age
Imperial Age
RankedLock teamsTeams togetherTeam positionsShared explorationLock speedFull tech treeHidden civsTurbo modeCheats
Victory
Defeat
🇨🇳 Franks · China
1145
+17
🇨🇦 Varangians · Canada
1160
-17
逗你玩
5:28 Loom
10:13 Feudal Age
20:03 Castle Age
18:20 Stone Mining
19:02 Fletching
23:25 Husbandry
31:57 Bodkin Arrow
34:23 Double-Bit Axe
34:50 Padded Archer Armor
41:38 Imperial Age
41:05 Gold Mining
41:34 Bow Saw
42:43 Conscription
43:40 Gold Shaft Mining
44:07 Cavalier
44:59 Forging
44:55 Scale Barding Armor
47:28 Wheelbarrow
47:54 Paladin
52:13 Iron Casting
52:05 Light Cavalry
53:49 Chain Barding Armor
55:07 Plate Barding Armor
55:33 Blast Furnace
DoubleDutch369
7:30 Loom
9:57 Feudal Age
10:53 Man-at-Arms
12:16 Arson
12:39 Horse Collar
15:17 Bloodlines
18:52 Double-Bit Axe
19:34 Forging
21:07 Scale Mail Armor
22:49 Gold Mining
25:27 Castle Age
26:15 Squires
26:30 Chain Mail Armor
26:52 Iron Casting
27:33 Wheelbarrow
28:25 Wheelbarrow
28:23 Bow Saw
34:26 Heavy Plow
38:24 Scale Barding Armor
38:35 Stone Mining
38:53 Husbandry
42:16 Chain Barding Armor
44:54 Hand Cart
44:27 Town Watch
44:08 Pikeman
44:52 Fletching
52:06 Imperial Age
52:40 Herbal Medicine
52:19 Halberdier
52:33 Gothikon
53:34 Conscription
52:38 Cavalier
Connection lost

Rejoining the realm…

Still unreachable

The connection could not be restored.

Session expired

The server has moved on; the page needs a fresh start.